 Dungeon Crawl Stone Soup version 0.27-a0-1217-g8a41f320e8 (webtiles) character file.

Game seed: 2476583086441143642

100 polve the Cutter (level 4, 0/35 HPs)
             Began as a Demonspawn Abyssal Knight on June 5, 2021.
             Was a Believer of Lugonu.
             Killed by divine providence
             ... invoked by an orc priest
              (15 damage)
             ... on level 3 of the Dungeon.
             The game lasted 00:01:52 (3207 turns).

polve the Cutter (Demonspawn Abyssal Knight)        Turns: 3207, Time: 00:01:52

Health: 0/35       AC:  3    Str: 14    XL:     4   Next: 47%
Magic:  5/5        EV: 11    Int: 11    God:    Lugonu [**....]
Gold:   179        SH:  0    Dex: 12    Spells: 3/3 levels left

rFire    . . .     SeeInvis .   a - +1 short sword
rCold    . . .     Faith    .   (no shield)
rNeg     . . .     Spirit   .   b - +0 leather armour
rPois    .         Reflect  .   (no helmet)
rElec    .         Harm     .   (no cloak)
rCorr    .         Rampage  .   (no gloves)
Will     .....                  (no boots)
Stlth    +.........             (no amulet)
HPRegen  0.11/turn              (no ring)
MPRegen  0.09/turn              (no ring)

@: no status effects
A: hooves 1, demonic magic 1, [dopey 1]
a: Renounce Religion, Depart the Abyss, Bend Space


You were on level 3 of the Dungeon.
You worshipped Lugonu.
Lugonu was pleased with you.
You visited 1 branch of the dungeon, and saw 3 of its levels.
You visited the Abyss 1 time.

You collected 179 gold pieces.

Inventory:

Hand Weapons
 a - a +1 short sword (weapon)
Armour
 b - a +0 leather armour (worn)
 k - a +0 cloak
 m - a +0 pair of gloves
Jewellery
 c - a +6 ring of intelligence
Scrolls
 d - 3 scrolls of identify {unknown}
 f - a scroll of magic mapping {unknown}
 g - 3 scrolls of teleportation {unknown}
 j - a scroll of enchant weapon {unknown}
 l - a scroll of vulnerability {unknown}
Potions
 e - a potion of curing {unknown}
 h - a potion of berserk rage {unknown}
 i - a potion of haste {unknown}
 n - a potion of heal wounds {unknown}


   Skills:
 + Level 3.5 Fighting
 - Level 4.0 Short Blades
 - Level 1.7 Armour
 - Level 0.8 Dodging
 - Level 2.4 Invocations


You had 3 spell levels left.
You didn't know any spells.
Your spell library was empty.

Dungeon Overview and Level Annotations

Branches:
Dungeon (3/15)

Altars:
Sif Muna

Annotations:
D:3 2 runed translucent doors, qborf's ghost, amateur DsGl


Innate Abilities, Weirdness & Mutations

You have large cloven feet.
Spells you cast may paralyse adjacent enemies.
[You are dopey. (Int -2)]


Message History

An orc comes into view. It is wielding a +0 dagger.
The orc shouts!
You hit the orc priest. Your kick misses the orc priest.
The orc priest is moderately wounded.
The orc priest barely misses you.
Your leather armour prevents you from hitting the orc priest.
The orc priest is moderately wounded.
The orc priest hits you with a +0 hand axe.
You hit the orc priest.
The orc priest is severely wounded.
The orc priest hits you with a +0 hand axe.
You are too injured to fight recklessly!
You are too injured to fight recklessly!
You are too injured to fight recklessly!
You are too injured to fight recklessly!
You are too injured to fight recklessly!
You are too injured to fight recklessly!
You are too injured to fight recklessly!
You are too injured to fight recklessly!
You are too injured to fight recklessly!
You are too injured to fight recklessly!
You are too injured to fight recklessly!
You are too injured to fight recklessly!
You are too injured to fight recklessly!
You are too injured to fight recklessly!
The orc priest calls down the wrath of Beogh upon you.
Pain shoots through your body!
The orc priest looks braver for a moment.
You see here a +0 long sword.
The orc priest mumbles some strange prayers to Beogh against you.
You barely resist.
A hound comes into view.
The hound barks!
The hound bites you. x2
The hound barely misses you. The hound bites you but does no damage.
The hound bites you. The hound closely misses you. The hound barely misses you.
The orc priest mumbles some strange prayers to Beogh against you.
Beogh smites you!
You die...

#### ... .. ..# #.. #.# #.. #.#
##### #.# #####
##.###########...# ##..###...####
...o.....o).oo...+ ....>#...#...
≈≈.≈≈..#######..@#####.#.#...#.##
≈≈°§○.## #...h....##.......#.#
°≈§§≈..# #........###..#...#.#
≈≈≈○○..# #........# #..#.....#
≈≈≈≈≈..# #........# #..#######
.○.....############## ##..#
###...........# #..##
##.##.......## ##..#
#....†......# #..#


You could see a hound, an orc priest and 2 orcs.

Vanquished Creatures
  An adder (D:3)
  A dart slug (D:1)
  5 bats
  4 endoplasms (D:1)
  A giant cockroach (D:3)
  12 hobgoblins
  23 jackals
  2 kobolds
  2 quokkas
  2 ball pythons
  3 frilled lizards
  13 goblins
  4 rats
73 creatures vanquished.

Notes
Turn   | Place    | Note
-------+----------+-------------------------------------------
     0 | Abyss:1  | polve the Demonspawn Abyssal Knight began the quest for the
                  | Orb.
     0 | Abyss:1  | Reached XP level 1. HP: 18/18 MP: 2/2
   116 | Abyss:1  | Noticed a wretched star
   119 | Abyss:1  | Noticed a smoke demon
   122 | D:1      | Escaped the Abyss
   191 | D:1      | Reached skill level 2 in Short Blades
   246 | D:1      | Reached * piety under Lugonu
   288 | D:1      | Gained mutation: You have large cloven feet. [demonic
                  | ancestry]
   288 | D:1      | Reached XP level 2. HP: 20/24 MP: 3/3
   745 | D:1      | Reached skill level 3 in Short Blades
  1186 | D:1      | Gained mutation: Spells you cast may paralyse adjacent
                  | enemies. [demonic ancestry]
  1186 | D:1      | Reached XP level 3. HP: 27/29 MP: 4/4
  1204 | D:1      | Found a faded altar of an unknown god.
  1810 | D:2      | Reached ** piety under Lugonu
  1835 | D:2      | Reached XP level 4. HP: 17/35 MP: 5/5
  2032 | D:2      | Reached skill level 4 in Short Blades
  2972 | D:3      | Found a runed translucent door.
  2978 | D:3      | Noticed qborf's ghost (amateur DsGl)
  3107 | D:3      | Found a runed translucent door.
  3160 | D:3      | Found a shimmering blue altar of Sif Muna.
  3207 | D:3      | Killed from afar by an orc priest

Illustrated notes

Levels and vault maps discovered:
D:1:      saegor_arrival_simple_d, layout_loops_corners,
          shapermc_ecumenical_altar_notcrosses
D:2:      cheibrodos_greedy_goblins, layout_basic,
          amcnicky_mini_corridor_feature, wad_floor_pattern_1,
          minmay_misc_feat_five
D:3:      layout_basic, nicolae_sif_muna_condensation, ebering_ghost_sewer_f

Skill      XL: |  1  2  3  4 |
---------------+-------------+-----
Short Blades   | 2 3 4 |  4.0
Fighting       | |  3.5
Armour         | |  1.7
Dodging        | |  0.8
Invocations    | |  2.4

Action                   |  1- 3 |  4- 6 || total
-------------------------+-------+-------++-------
Melee: Short sword       |   142 |    57 ||   199
       Kick              |    26 |    13 ||    39
Invok: Depart the Abyss  |     1 |       ||     1
Armor: Leather armour    |    28 |     6 ||    34
Dodge: Dodged            |    82 |    45 ||   127

Table legend: (Time is in decaauts)
 A = Elapsed time spent in this place.
 B = Non-inter-level travel time spent in this place.
 C = Inter-level travel time spent in this place.
 D = Time resting spent in this place.
 E = Time spent auto-exploring this place.
 F = Levels seen in this place.
 G = Mean time per level.
                   A        B        C        D        E       F      G
               +--------+--------+--------+--------+--------+-----+--------+
         Total |   3189 |   3174 |     15 |      0 |   2732 |   4 |  797.2 |
       Dungeon |   3067 |   3052 |     15 |      0 |   2617 |   3 | 1022.3 |
         Abyss |    122 |    122 |      0 |      0 |    115 |   1 |  122.0 |
               +--------+--------+--------+--------+--------+-----+--------+

Top non-repeatable levels by time:
     D:2: 1219 daAuts
     D:1: 1217 daAuts
     D:3: 629 daAuts
 Abyss:1: 122 daAuts
